 Dungeon Crawl Stone Soup version 0.16-a0-3972-g91ea21f (console) character file.

24 MrRokkomies the Caller (level 2, 0/12 HPs)
             Began as a Felid Summoner on Feb 11, 2015.
             Slain by a hobgoblin
             ... wielding a +0 club
              (6 damage)
             ... on level 2 of the Dungeon.
             The game lasted 00:06:03 (850 turns).

MrRokkomies the Caller (Felid Summoner)              Turns: 850, Time: 00:06:03

Health: 0/12       AC:  1    Str:  4    XL:     2   Next: 79%
Magic:  5/5        EV: 18    Int: 16    God:
Gold:   74         SH:  0    Dex: 16    Spells: 2 memorised, 2 levels left
                                        Lives:  0   Deaths: 0

rFire  . . .     SeeInvis +       - Unarmed
rCold  . . .     Clarity  .     (armour unavailable)
rNeg   . . .     SustAb   .     (shield unavailable)
rPois  .         Gourm    .     (helmet unavailable)
rElec  .         Spirit   .     (cloak unavailable)
rCorr  .         Warding  .     (gloves unavailable)
rMut   .         Stasis   .     (boots unavailable)
MR     .....                    (no amulet)
Stlth  +++.......               (no ring)
                                (no ring)

@: quick, not resistant to hostile enchantments, fairly stealthy
A: paw claws, no armour, no weapons or thrown items, fangs 3, see invisible,
carnivore 3, speed 1, shaggy fur 1, slow metabolism 1, sharp paws
a: no special abilities


You were on level 2 of the Dungeon.
You were not hungry.

You visited 1 branch of the dungeon, and saw 2 of its levels.

You collected 74 gold pieces.

Inventory:

Potions
 a - a potion of restore abilities {unknown}
 d - a potion of resistance {unknown}
 f - a potion of brilliance {unknown}
 h - 2 potions of agility {unknown}
 i - 2 potions of heal wounds {unknown}
 k - a potion of curing {unknown}
Books
 b - a book of Callings

   Spells                             Type                      Level
   a - Summon Small Mammal            Summoning                    1
   b - Call Imp                       Summoning                    2
   c - Call Canine Familiar           Summoning                    3
   d - Summon Guardian Golem          Hexes/Summoning              4
   e - Summon Lightning Spire         Summoning/Air                4
   f - Summon Ice Beast               Ice/Summoning                4
Comestibles
 c - a meat ration


   Skills:
 * Level 1.5 Fighting
 - Level 2.6 Dodging
 + Level 3.2 Stealth
 * Level 1.3 Unarmed Combat
 - Level 2.0 Spellcasting
 - Level 4.0 Summonings


You had 2 spell levels left.
You knew the following spells:

 Your Spells              Type           Power        Failure   Level  Hunger
a - Summon Small Mammal   Summ           ##..         4%          1    #......
b - Call Imp              Summ           ##......     8%          2    ###....


Dungeon Overview and Level Annotations

Branches:
Dungeon (2/15)

Altars:
Cheibriados


Innate Abilities, Weirdness & Mutations

You cannot wear armour.
You are incapable of wielding weapons or throwing items.
You have razor-sharp teeth.
You have supernaturally acute eyesight.
You are carnivorous and can eat meat at any time.
You cover ground quickly.
You are covered in fur (AC +1).
You have a slow metabolism.
Your paws have sharp claws that are effective at stabbing.


Message History

You scratch the hobgoblin but do no damage.
The hobgoblin is heavily wounded.
The hobgoblin misses you.
You scratch the hobgoblin.
You kill the hobgoblin!
The kobold closely misses you.
A hobgoblin comes into view. It is wielding a club.
Things that are here:
a club; a hobgoblin corpse The hobgoblin shouts!
You scratch the kobold.
You kill the kobold!
The hobgoblin misses you.
You see here a kobold corpse.
You scratch the hobgoblin but do no damage.
You barely miss the hobgoblin. The hobgoblin hits you with a club.
You scratch the hobgoblin but do no damage.
The hobgoblin hits you with a club.
Ouch! That really hurt!
You die...

#......##
#..##.####
#.######
#...#.# #.#
#.#.#.# #.#
#.#.# #.# #.#.#
#.# #.# #.# #.
#.# .# #.# ..#
#.#.#######...#
#.......)@g...+
#.########....#
#. ....... .
....... >.
..##... .# ..#
. ..# ..# .


You could see a hobgoblin.

Vanquished Creatures
  A giant gecko (D:2)
  A giant cockroach (D:1)
  5 hobgoblins
  2 jackals (D:1)
  2 goblins (D:1)
  2 kobolds (D:2)
13 creatures vanquished.

Vanquished Creatures (collateral kills)
  A worm (D:2)
  A hobgoblin (D:1)
  A jackal (D:1)
  A quokka (D:2)
  2 goblins (D:1)
6 creatures vanquished.

Vanquished Creatures (others)
  2 rats (D:1)
2 creatures vanquished.

Grand Total: 21 creatures vanquished

Notes
Turn   | Place    | Note
--------------------------------------------------------------
     0 | D:1      | MrRokkomies, the Felid Summoner, began the quest for the Orb.
     0 | D:1      | Reached XP level 1. HP: 7/7 MP: 4/4
   303 | D:1      | Reached skill level 1 in Fighting
   588 | D:1      | Reached XP level 2. HP: 12/12 MP: 5/5
   622 | D:1      | Learned a level 2 spell: Call Imp
   698 | D:2      | Found a snail-covered altar of Cheibriados.
   765 | D:2      | Reached skill level 1 in Unarmed Combat
   850 | D:2      | Slain by a hobgoblin

Action                   || total
-------------------------++-------
Melee: Unarmed           ||    61
 Cast: Summon Small Mamm ||     6
       Call Imp          ||     2
  Use: Scroll            ||     3
 Stab: Sleeping          ||     3
